 Dungeon Crawl Stone Soup version 0.14-a0-1653-g0ad7a2c (webtiles) character file.

46 M4edhros the Charlatan (level 2, 0/18 HPs)
             Began as an Octopode Artificer on Dec 27, 2013.
             Slain by Grinder (7 damage)
             ... on Level 4 of the Dungeon.
             The game lasted 00:00:42 (230 turns).

M4edhros the Charlatan (Octopode Artificer)          Turns: 230, Time: 00:00:42

HP   0/18        AC  1     Str 10      XL: 2   Next:  4%
MP   3/3         EV 12     Int 14      God:
Gold 39          SH  0     Dex 12      Spells:  0 memorised,  1 level left

rFire  . . .     SeeInvis .     a - +0 short sword
rCold  . . .     Clarity  .     (no shield)
rNeg   . . .     Conserve .     (helmet restricted)
rPois  .         rCorr    .     (no amulet)
rElec  .         rRot     .     (no ring)
SustAb . .       Spirit   .     (no ring)
rMut   .         Warding  .     (no ring)
Saprov . . .     Stasis   .     (no ring)
                                (no ring)
                                (no ring)
                                (no ring)
                                (no ring)

@: not resistant to hostile enchantments, quite stealthy
A: almost no armour, amphibious, 8 rings, constrict 8, camouflage 1, gelatinous
body 1
a: no special abilities


You were on level 4 of the Dungeon.
You were not hungry.

You visited 1 branch of the dungeon, and saw 4 of its levels.

You collected 39 gold pieces.

Inventory:

Hand weapons
 a - a +0,+0 short sword (weapon)
Magical devices
 b - a wand of flame (14)
 c - a wand of enslavement (14)
 d - a wand of random effects (14)
Comestibles
 f - a bread ration
 g - an apple
Scrolls
 e - a scroll of identify {unknown}
 h - a scroll of noise {unknown}
 i - 2 scrolls of curse armour {unknown}
 j - a scroll of amnesia {unknown}


   Skills:
 - Level 1.0 Fighting
 - Level 1.0 Short Blades
 - Level 2.0 Dodging
 + Level 3.0 Stealth
 - Level 3.2 Evocations


You had one spell level left.
You didn't know any spells.

Dungeon Overview and Level Annotations

Branches:
Dungeon (4/16)
 Temple: D:4-7

Altars:

Annotations:
D:4 Grinder


Innate Abilities, Weirdness & Mutations

You cannot wear most types of armour.
You are amphibious.
You can wear up to eight rings at the same time.
You can use your tentacles to constrict many enemies at once.
Your skin changes colour to match your surroundings (Stlth).
Your rubbery body absorbs attacks (AC +1).


Message History

Grinder gestures at you. Pain shoots through your body!
Grinder says, "Don't move a muscle."
You can move again.
Unknown command.
Unknown command.
Unknown command.
Evoke which item? (* to show all) (? for menu, Esc to quit)
Zapping:
b - a wand of flame (15)
Press: ? - help, Shift-Dir - straight line, f/p - Grinder
Aim: Grinder (moderately wounded)
The puff of flame hits Grinder.
Grinder is heavily wounded.
This wand has 14 charges left.
Grinder hits you!
Ouch! That really hurt!
You barely miss Grinder. You grab Grinder.
Grinder is heavily wounded.
You constrict Grinder, but do no damage.
Grinder hits you!
You die...

###### .......
....... #####
.......
+...####...!....
#..<.@5.......
######...>....
....... .......
..%.... ####.# .


You could see Grinder.

Vanquished Creatures
  4 goblins
  A giant newt (D:1)
  A giant newt skeleton (D:4)
  2 rats (D:1)
8 creatures vanquished.

Vanquished Creatures (others)
  An elf (D:1)
  2 trolls (D:1)
  An ogre (D:1)
  4 felids (D:1)
  3 dwarves (D:1)
  A mummy (D:1)
  6 tentacles (D:1)
  2 tentacle segments (D:1)
20 creatures vanquished.

Grand Total: 28 creatures vanquished

Notes
Turn   | Place    | Note
--------------------------------------------------------------
     0 | D:1      | M4edhros, the Octopode Artificer, began the quest for the Orb.
     0 | D:1      | Reached XP level 1. HP: 13/13 MP: 1/1
     0 | D:1      | Noticed a felid
     0 | D:1      | Noticed a felid
     0 | D:1      | Noticed a troll
     0 | D:1      | Noticed a dwarf
     0 | D:1      | Noticed a felid
     0 | D:1      | Noticed a kraken
     0 | D:1      | Noticed an elf
     0 | D:1      | Noticed an ogre
     0 | D:1      | Noticed a dwarf
     0 | D:1      | Noticed a dwarf
     0 | D:1      | Noticed a felid
     0 | D:1      | Noticed a troll
     5 | D:1      | Killed an elf
     6 | D:1      | Killed a dwarf
     7 | D:1      | Killed a felid
    10 | D:1      | Killed a felid
    10 | D:1      | Killed a troll
    10 | D:1      | Killed a felid
    11 | D:1      | Killed an ogre
    11 | D:1      | Killed a dwarf
    12 | D:1      | Killed a troll
    14 | D:1      | Killed a dwarf
    14 | D:1      | Killed a felid
    77 | D:2      | Reached XP level 2. HP: 8/18 MP: 3/3
   223 | D:4      | Noticed Grinder
   225 | D:4      | Paralysed by Grinder for 4 turns
   230 | D:4      | Slain by Grinder

Action                   || total
-------------------------++-------
Melee: Short sword       ||    15
Evoke: Wand              ||     3
